 Dungeon Crawl Stone Soup version 0.22.1-1-ga44c0e5 (webtiles) character file.

234454 Lauz the Minotaur Blade (level 18, -32/170 HPs)
             Began as a Minotaur Berserker on Oct 29, 2018.
             Was the Champion of Trog.
             Annihilated by an orc warrior
             ... wielding a +2 glaive of chopping
              (36 damage)
             ... on level 1 of the Vaults.
             The game lasted 02:44:05 (37895 turns).

Lauz the Minotaur Blade (Minotaur Berserker)       Turns: 37895, Time: 02:44:05

Health: -32/170    AC: 31    Str: 29    XL:     18   Next: 44%
Magic:  26/26      EV: 14    Int:  7    God:    Trog [******]
Gold:   1324       SH:  0    Dex: 18    Spells: 17/17 levels left

rFire    . . .     SeeInvis .   P - +5 great sword of Annoyance {flame, +Inv Dex+3}
rCold    . . .     Gourm    .   (shield currently unavailable)
rNeg     . . .     Faith    .   R - +4 plate armour {rPois}
rPois    +         Spirit   .   (helmet restricted)
rElec    .         Reflect  .   v - +1 cloak {rPois}
rCorr    .         Harm     .   X - +2 pair of gloves {archery}
MR       ++...                  o - +0 pair of boots
Stlth    ..........             (no amulet)
HPRegen  0.38/turn              C - +4 ring of slaying
MPRegen  0.20/turn              V - ring "Koovob" {MR+ MP+9 Int+3 Dex+4 Stlth-}

@: about to teleport, studying Throwing
A: retaliatory headbutt, horns 2
}: 2/15 runes: decaying, gossamer
a: Berserk, Trog's Hand, Brothers in Arms, Renounce Religion, Evoke Invisibility


You were on level 1 of the Vaults.
You worshipped Trog.
Trog was exalted by your worship.
You were not hungry.

You visited 6 branches of the dungeon, and saw 30 of its levels.
You also visited: Ice Cave.

You collected 2775 gold pieces.
You spent 1451 gold pieces at shops.

Inventory:

Hand Weapons
 g - the +7 arbalest of Ravage {venom, rElec rC+ Int+2}
   (You found it on level 9 of the Dungeon)

   It poisons the ammo it fires.
   It affects your intelligence (+2).
   It protects you from cold.
   It insulates you from electricity.
 P - the +5 great sword of Annoyance (weapon) {flame, +Inv Dex+3}
   (Trog gifted it to you on level 6 of the Lair of Beasts)

   It has been specially enchanted to burn those struck by it, causing extra
   injury to most foes and up to half again as much damage against particularly
   susceptible opponents.
   Big, fiery blades are also staple armaments of hydra-hunters.
   It affects your dexterity (+3).
   It lets you turn invisible.
 Y - the +6 dagger "Bauzuosmu" {drain, rPois rF+++ Int+4 Dex-5}
   (You found it in an ice cave)

   A truly terrible weapon, it drains the life of those it strikes.
   It affects your intelligence (+4).
   It affects your dexterity (-5).
   It renders you almost immune to fire.
   It protects you from poison.
Missiles
 W - 160 bolts
Armour
 a - quicksilver dragon scales
 o - a +0 pair of boots (worn)
 v - a +1 cloak of poison resistance (worn)
 R - a +4 plate armour of poison resistance (worn)
 X - a +2 pair of gloves of archery (worn)
Jewellery
 k - an uncursed ring of positive energy
 q - the ring "Tuf Zoc" {+Inv +Fly rElec rF+}
   (You found it on level 3 of the Swamp)

   [ring of flight]

   It protects you from fire.
   It insulates you from electricity.
   It lets you turn invisible.
   It lets you fly.
 w - an uncursed amulet of magic regeneration
 C - a +4 ring of slaying (left hand)
 H - a +4 ring of strength
 I - an uncursed ring of protection from cold
 L - an uncursed ring of protection from magic
 M - a +3 ring of evasion
 V - the ring "Koovob" (right hand) {MR+ MP+9 Int+3 Dex+4 Stlth-}
   (You found it on level 2 of the Swamp)

   [ring of attention]

   It affects your intelligence (+3).
   It affects your dexterity (+4).
   It affects your resistance to hostile enchantments.
   It affects your magic capacity (+9).
   It makes you less stealthy.
Wands
 j - a wand of paralysis (14)
 r - a wand of acid (17)
 x - a wand of enslavement (14)
 y - a wand of polymorph (14)
 A - a wand of clouds (5)
 D - a wand of flame (16)
 K - a wand of digging (37)
 N - a wand of disintegration (27)
 O - a wand of iceblast (36)
Scrolls
 b - 3 scrolls of enchant armour
 d - 8 scrolls of fog
 e - 7 scrolls of enchant weapon
 h - 8 scrolls of teleportation
 i - 2 scrolls of identify
 l - 11 scrolls of remove curse
 m - 4 scrolls of blinking
 s - a scroll of holy word
 z - 5 scrolls of fear
 Q - a scroll of summoning
 T - 3 scrolls of magic mapping
Potions
 f - 2 potions of curing
 t - 2 potions of cancellation
 u - a potion of agility {unknown}
 B - 2 potions of resistance {unknown}
 E - 2 potions of lignification {unknown}
 G - 2 potions of might
 J - 6 potions of haste
 U - 4 potions of ambrosia
 Z - 5 potions of flight
Books
 F - a manual of Throwing
Miscellaneous
 n - a lamp of fire
 S - a lightning rod (4/4)
Comestibles
 c - 28 rations


   Skills:
 + Level 17.5 Fighting
 - Level 0.1(15.7) Short Blades
 * Level 24.6 Long Blades
 + Level 8.0 Crossbows
 + Level 19.4 Armour
 * Level 8.6 Dodging
 - Level 0.1 Stealth
 - Level 0.2 Evocations


You had 17 spell levels left.
You didn't know any spells.
Your spell library was empty.

Dungeon Overview and Level Annotations

Branches:
Dungeon (13/15)            Temple (0/1) D:6            Lair (6/6) D:10
  Swamp (4/4) Lair:3       Spider (4/4) Lair:3        Slime (0/5) Lair:6
    Orc (2/2) D:10            Elf (0/3) Orc:2        Vaults (1/5) D:13

Altars:
Ashenzari
Cheibriados
Dithmenos
Hepliaklqana
Sif Muna
Xom
Zin
The Shining One
Beogh
Jiyva

Shops:
D:12 [   Orc:1 [   Orc:2 (*[=


Innate Abilities, Weirdness & Mutations

You reflexively headbutt those who attack you in melee.
You have a pair of horns on your head.


Message History

A centaur warrior comes into view.
An ironheart preserver comes into view. It is wielding a flail.
The wizard hits you but does no damage.
A vault guard comes into view. It is wielding a great sword.
A wizard comes into view. It is wielding a dagger.
As you read the scroll of teleportation, it crumbles to dust.
You feel strangely unstable.
The orc warrior no longer looks unusually strong.
The ironheart preserver mumbles some strange words.
The ironheart preserver begins to accept its allies' injuries.
The orc warrior hits you from afar with a glaive of chopping!
* * * LOW HITPOINT WARNING * * *
x2 The centaur warrior hits you but does no damage.
The wizard hits you but does no damage.
The centaur warrior wields a shortbow.
The centaur warrior shoots an arrow.
The arrow hits you!
* * * LOW HITPOINT WARNING * * *
The orc priest closely misses you.
The orc warrior hits you with a glaive of chopping!!!
You die...

# ..$....$# . .......$#
. .$.....$# . ..$.....#
. ...$)...# #...# .
.$..))oo# #...# .
...$).oo# #...# .
##@##########...###
#ppo........#......
#)(c........#......
..'.p.p.......#......
....#...........#......
.!...#...........'......
.... #....(......'......
.... #...........#......
... #############......


You could see an ironheart preserver, a vault guard, a centaur warrior, an
ironbrand convoker, a wizard, 3 orc warriors, an orc priest and an orc.

Vanquished Creatures
  the Lernaean hydra (Swamp:4)
  Saint Roka (Orc:1)
  Nikola (Swamp:1)
  Arachne (Spider:2)
  2 thorn hunters
  3 ghost moths (Spider:4)
  7 emperor scorpions
  An orc warlord (Vaults:1)
  2 ironheart preservers (Vaults:1)
  A stone giant (Orc:2)
  4 entropy weavers
  The ghost of Byroed the Spear-Bearer, a journeyman DrWr of Okawaru (Lair:3)
  The ghost of ThePrince the Destroyer, a journeyman DgFE (D:11)
  The ghost of Benis312 the Arsonist, a journeyman DrFE of Sif Muna (Lair:2)
  31 hydras
  3 vault guards (D:13)
  4 centaur warriors
  8 ghost crabs
  A catoblepas (Lair:5)
  12 alligators
  A merfolk avatar (Lair:6)
  2 deep troll shamans (Vaults:1)
  3 orc high priests
  2 ogre magi
  2 two-headed ogres (Vaults:1)
  A tengu warrior (D:13)
  Sonja (D:10)
  5 spriggan druids
  An unseen horror (D:11)
  10 swamp dragons
  3 deep trolls (Vaults:1)
  2 deep elf archers
  A harpy (Lair:6)
  3 ironbrand convokers (Vaults:1)
  2 shambling mangroves
  13 orc knights
  15 orb spiders
  6 orc sorcerers
  9 ugly things
  A cyclops (D:12)
  38 wolf spiders
  A vault sentinel (Vaults:1)
  2 black mambas (Lair:5)
  12 elephants
  A gargoyle (D:13)
  3 ice statues (IceCv)
  4 apocalypse crabs (Swamp:1)
  6 torpor snails
  19 spiny frogs
  5 rime drakes
  An efreet (D:11)
  7 komodo dragons
  19 demonic crawlers
  4 polar bears
  3 meliai (D:13)
  26 jumping spiders
  5 trolls
  8 tyrant leeches
  Prince Ribbit (Lair:1)
  12 blink frogs
  24 slime creatures
  29 hornets
  9 dream sheep
  Grinder (D:5)
  15 bog bodies
  8 hippogriffs
  7 spriggans
  Sigmund (D:4)
  A shadow (Swamp:3)
  78 redbacks
  2 wraiths
  6 wyverns
  33 yaks
  38 tarantellas
  Grum (D:11)
  A human (D:13)
  2 steam dragons
  25 vampire mosquitoes
  A human simulacrum (Vaults:1)
  16 swamp worms
  8 insubstantial wisps
  3 wargs
  2 acid dragons
  13 water moccasins
  A porcupine (Lair:2)
  11 swamp drakes
  15 ice beasts
  35 orc warriors
  2 sky beasts
  16 ogres
  2 phantoms
  A black bear (D:11)
  An eye of draining (D:11)
  2 necrophages (D:13)
  9 wolves
  12 centaurs
  11 crocodiles
  13 bullfrogs
  3 big kobolds
  Blork the orc (Orc:2)
  41 scorpions
  8 killer bees
  5 wights (D:9)
  A howler monkey (D:3)
  2 vampire bats (D:4)
  5 electric eels
  5 crimson imps
  A bullfrog zombie (D:8)
  6 jellies
  4 centaur skeletons
  16 orc priests
  7 hounds
  22 orc wizards
  5 bullfrog skeletons
  7 iguanas
  Ijyb (D:5)
  5 worker ants
  A killer bee zombie (D:6)
  2 hound skeletons
  A hound zombie (D:7)
  2 worker ant zombies
  13 adders
  3 gnolls (D:8)
  2 shadow imps
  6 oozes
  An adder skeleton (D:7)
  3 dart slugs
  5 worms
  9 leopard geckos
  70 orcs
  11 bats
  4 giant cockroaches
  6 goblins
  6 hobgoblins
  10 jackals
  12 kobolds
  5 quokkas
  A ball python (D:1)
  4 frilled lizards
  2 leopard gecko skeletons (D:4)
  9 rats
  3 briar patches (Swamp:2)
  A plant (Lair:6)
1138 creatures vanquished.

Vanquished Creatures (others)
  A two-headed ogre (Vaults:1)
  A swamp drake (Swamp:4)
  31 fungi
  14 plants
47 creatures vanquished.

Grand Total: 1185 creatures vanquished

Notes
Turn   | Place    | Note
-------+----------+-------------------------------------------
     0 | D:1      | Lauz the Minotaur Berserker began the quest for the Orb.
     0 | D:1      | Reached XP level 1. HP: 19/19 MP: 0/0
    33 | D:1      | Reached skill level 4 in Long Blades
    39 | D:1      | Reached XP level 2. HP: 16/27 MP: 1/1
   609 | D:2      | Reached XP level 3. HP: 31/33 MP: 2/2
   671 | D:2      | Reached skill level 5 in Long Blades
  1077 | D:2      | Reached ** piety under Trog
  1262 | D:2      | Reached XP level 4. HP: 36/40 MP: 3/3
  1305 | D:2      | Reached skill level 6 in Long Blades
  1467 | D:3      | Reached XP level 5. HP: 41/47 MP: 4/4
  1707 | D:3      | Noticed a phantom
  1755 | D:3      | Killed a phantom
  1755 | D:3      | Reached skill level 7 in Long Blades
  1942 | D:3      | Found a shadowy altar of Dithmenos.
  1956 | D:3      | Reached XP level 6. HP: 31/53 MP: 5/5
  3088 | D:4      | Reached skill level 8 in Long Blades
  3344 | D:4      | Reached skill level 5 in Fighting
  3486 | D:4      | Noticed Sigmund
  3505 | D:4      | Killed Sigmund
  3505 | D:4      | Reached skill level 9 in Long Blades
  3505 | D:4      | Reached XP level 7. HP: 53/61 MP: 6/6
  3802 | D:4      | Reached *** piety under Trog
  3864 | D:4      | Reached skill level 10 in Long Blades
  4028 | D:4      | Found a glowing golden altar of the Shining One.
  4076 | D:4      | Found a hazy altar of Hepliaklqana.
  4103 | D:5      | Entered Level 5 of the Dungeon
  4115 | D:5      | Noticed Ijyb
  4135 | D:5      | Killed Ijyb
  4172 | D:5      | Reached XP level 8. HP: 70/70 MP: 7/7
  4214 | D:5      | Reached skill level 11 in Long Blades
  4278 | D:5      | Noticed Grinder
  4287 | D:5      | Killed Grinder
  4397 | D:5      | Found a snail-covered altar of Cheibriados.
  4618 | D:6      | Found a hazy altar of Hepliaklqana.
  4618 | D:6      | Found a glowing silver altar of Zin.
  4618 | D:6      | Found a deep blue altar of Sif Muna.
  4618 | D:6      | Found a glowing golden altar of the Shining One.
  4644 | D:6      | Reached skill level 12 in Long Blades
  5043 | D:6      | Reached **** piety under Trog
  5174 | D:6      | Reached XP level 9. HP: 76/78 MP: 8/8
  5715 | D:6      | Found a staircase to the Ecumenical Temple.
  6313 | D:7      | Reached skill level 13 in Long Blades
  7290 | D:8      | Reached skill level 5 in Armour
  7728 | D:8      | Noticed a six-headed hydra
  7845 | D:9      | Reached skill level 14 in Long Blades
  7977 | D:9      | Reached ***** piety under Trog
  8006 | D:9      | Reached XP level 10. HP: 12/88 MP: 9/9
  8384 | D:9      | Got a smoking arbalest
  8522 | D:10     | Entered Level 10 of the Dungeon
  8589 | D:10     | Found a staircase to the Lair.
  9081 | D:10     | Noticed Sonja
  9700 | D:10     | Reached skill level 15 in Long Blades
  9996 | D:10     | Found a staircase to the Orcish Mines.
 10047 | D:10     | Killed Sonja
 10578 | D:11     | Found a shattered altar of Ashenzari.
 10620 | D:11     | Identified the +7 arbalest of Ravage {venom, rElec rC+
                  | Int+2} (You found it on level 9 of the Dungeon)
 10636 | D:11     | Noticed a centaur warrior
 10642 | D:11     | Killed a centaur warrior
 10642 | D:11     | Reached skill level 1 in Crossbows
 10660 | D:11     | Reached skill level 16 in Long Blades
 10660 | D:11     | Reached XP level 11. HP: 75/97 MP: 10/10
 10681 | D:11     | Noticed Grum
 10695 | D:11     | Killed an unseen horror
 10696 | D:11     | Killed Grum
 11263 | D:11     | Found a runed door.
 11264 | D:11     | Noticed ThePrince's ghost (journeyman DgFE)
 11295 | D:11     | Killed ThePrince's ghost
 11417 | D:11     | Found a glowing silver altar of Zin.
 11548 | D:11     | Noticed a cyan ugly thing
 11556 | D:11     | Killed a cyan ugly thing
 11719 | D:12     | Found Vabrim's Antique Armour Emporium.
 11791 | D:12     | Noticed a four-headed hydra
 11908 | D:12     | Killed a seven-headed hydra
 11908 | D:12     | Reached skill level 10 in Fighting
 11908 | D:12     | Reached skill level 17 in Long Blades
 12255 | D:12     | Reached skill level 5 in Crossbows
 12513 | D:13     | Found a frozen archway.
 12534 | D:13     | Reached XP level 12. HP: 101/107 MP: 11/11
 12549 | D:13     | Got a shimmering scale mail
 12560 | D:13     | Identified the +1 scale mail of Kasuakuu {+Blink Int+4}
                  | (You found it on level 13 of the Dungeon)
 12597 | IceCv    | Entered an ice cave
 12615 | IceCv    | Received a gift from Trog
 12887 | IceCv    | Reached skill level 18 in Long Blades
 13172 | IceCv    | Got a warped dagger
 13258 | D:13     | Identified the +6 dagger "Bauzuosmu" {drain, rPois rF+++
                  | Int+4 Dex-5} (You found it in an ice cave)
 13674 | D:13     | Noticed an eight-headed hydra
 13686 | D:13     | Killed an eight-headed hydra
 14281 | D:13     | Reached skill level 10 in Armour
 14298 | D:13     | Noticed a vault guard
 14588 | D:13     | Noticed a tengu warrior
 14599 | D:13     | Killed a tengu warrior
 14704 | D:13     | Killed a vault guard
 14704 | D:13     | Reached skill level 19 in Long Blades
 14719 | D:13     | Paralysed by an orc sorcerer for 6 turns
 14730 | D:13     | Noticed a vault guard
 14741 | D:13     | Killed a vault guard
 14746 | D:13     | Noticed an ogre mage
 14752 | D:13     | Killed an ogre mage
 14966 | D:13     | Found a gate to the Vaults.
 14966 | D:13     | Noticed a vault guard
 14985 | D:13     | Killed a vault guard
 14985 | D:13     | Reached XP level 13. HP: 94/116 MP: 12/12
 15160 | Lair:1   | Entered Level 1 of the Lair of Beasts
 15160 | Lair:1   | Noticed Prince Ribbit
 15186 | Lair:1   | Killed Prince Ribbit
 15894 | Lair:2   | Found a runed door.
 15895 | Lair:2   | Noticed Benis312's ghost (journeyman DrFE)
 15933 | Lair:2   | Killed Benis312's ghost
 16233 | Lair:2   | Received a gift from Trog
 16504 | Lair:2   | Found a snail-covered altar of Cheibriados.
 16574 | Lair:2   | Reached skill level 20 in Long Blades
 17084 | Lair:3   | Found a runed door.
 17084 | Lair:3   | Noticed Byroed's ghost (journeyman DrWr)
 17116 | Lair:3   | Killed Byroed's ghost
 17218 | Lair:3   | Found a shimmering altar of Xom.
 17259 | Lair:3   | Found a staircase to the Swamp.
 17271 | Lair:3   | Found a hole to the Spider Nest.
 19481 | Lair:5   | Reached XP level 14. HP: 118/127 MP: 13/13
 20039 | Lair:6   | Entered Level 6 of the Lair of Beasts
 20251 | Lair:6   | Paralysed by a hornet for 1 turns
 20957 | Lair:6   | Received a gift from Trog
 20961 | Lair:6   | Got a bloodstained great sword {god gift}
 20962 | Lair:6   | Identified the +5 great sword of Annoyance {flame, +Inv
                  | Dex+3} (Trog gifted it to you on level 6 of the Lair of
                  | Beasts)
 21011 | Lair:6   | Reached skill level 21 in Long Blades
 21206 | Lair:6   | Found a viscous altar of Jiyva.
 21206 | Lair:6   | Found a staircase to the Slime Pits.
 21288 | Lair:6   | Reached ****** piety under Trog
 21901 | Orc:1    | Entered Level 1 of the Orcish Mines
 22289 | Orc:1    | Found Loacuine's Antique Armour Shoppe.
 22544 | Orc:2    | Entered Level 2 of the Orcish Mines
 22919 | Orc:2    | Noticed Blork the orc
 22922 | Orc:2    | Received a gift from Trog
 22928 | Orc:2    | Killed Blork the orc
 23293 | Orc:2    | Paralysed by an orc sorcerer for 3 turns
 23318 | Orc:2    | Received a gift from Trog
 23332 | Orc:2    | Noticed Saint Roka
 23376 | Orc:1    | Killed Saint Roka
 23376 | Orc:1    | Reached skill level 15 in Armour
 23394 | Orc:2    | Reached XP level 15. HP: 117/136 MP: 14/14
 23437 | Orc:2    | Found a roughly hewn altar of Beogh.
 23447 | Orc:2    | Found Sasuam's Antique Weapon Emporium.
 23467 | Orc:2    | Found Cuany's General Store.
 23507 | Orc:2    | Bought a potion of heal wounds for 70 gold pieces
 23507 | Orc:2    | Bought a scroll of enchant weapon for 105 gold pieces
 23574 | Orc:2    | Found Qobrial's Jewellery Boutique.
 23612 | Orc:2    | Received a gift from Trog
 23613 | Orc:2    | Found a staircase to the Elven Halls.
 24000 | Orc:2    | Found Gocat's Jewellery Emporium.
 24034 | Orc:2    | Found Launky's Antique Armour Emporium.
 24336 | Orc:2    | Bought a scroll of identify for 28 gold pieces
 24826 | Orc:2    | Bought a +4 ring of slaying for 1248 gold pieces
 25047 | Swamp:1  | Entered Level 1 of the Swamp
 25307 | Swamp:1  | Noticed Nikola
 25315 | Swamp:1  | Killed Nikola
 25834 | Swamp:1  | Found a runed door.
 26378 | Swamp:1  | Reached skill level 22 in Long Blades
 26389 | Swamp:1  | Identified Sif Muna's Further Progress in Magic
 26799 | Swamp:2  | Received a gift from Trog
 27251 | Swamp:2  | Received a gift from Trog
 27453 | Swamp:2  | Noticed a thorn hunter
 27464 | Swamp:2  | Killed a thorn hunter
 28045 | Swamp:2  | Got an ancient bone ring
 28047 | Swamp:2  | Identified the ring "Koovob" {MR+ MP+9 Int+3 Dex+4 Stlth-}
                  | (You found it on level 2 of the Swamp)
 28884 | Swamp:3  | Reached XP level 16. HP: 147/147 MP: 15/15
 29176 | Swamp:3  | Identified the ring "Tuf Zoc" {+Inv +Fly rElec rF+} (You
                  | found it on level 3 of the Swamp)
 29586 | Swamp:4  | Entered Level 4 of the Swamp
 29586 | Swamp:4  | Noticed a thorn hunter
 29591 | Swamp:4  | Killed a thorn hunter
 30007 | Swamp:4  | Received a gift from Trog
 30257 | Swamp:4  | Reached skill level 15 in Fighting
 30933 | Swamp:4  | Reached skill level 23 in Long Blades
 31028 | Swamp:4  | Received a gift from Trog
 31143 | Swamp:4  | Noticed the 27-headed Lernaean hydra
 31150 | Swamp:4  | Killed the 25-headed Lernaean hydra
 31180 | Swamp:4  | Reached skill level 5 in Dodging
 31227 | Swamp:4  | Got a decaying rune of Zot
 31539 | Spider:1 | Entered Level 1 of the Spider Nest
 31580 | Spider:1 | Received a gift from Trog
 32082 | Spider:1 | Reached XP level 17. HP: 99/158 MP: 16/16
 32911 | Spider:2 | Received a gift from Trog
 33316 | Spider:3 | Noticed Arachne
 33331 | Spider:2 | Killed Arachne
 34031 | Spider:3 | Received a gift from Trog
 34065 | Spider:3 | Received a gift from Trog
 34776 | Spider:4 | Entered Level 4 of the Spider Nest
 35187 | Spider:4 | Reached skill level 24 in Long Blades
 35217 | Spider:4 | Received a gift from Trog
 35280 | Spider:4 | Received a gift from Trog
 36049 | Spider:4 | Reached XP level 18. HP: 99/169 MP: 17/17
 36279 | Spider:4 | Got a gossamer rune of Zot
 36370 | Spider:4 | Received a gift from Trog
 36878 | Vaults:1 | Entered Level 1 of the Vaults
 37891 | Vaults:1 | Received a gift from Trog
 37895 | Vaults:1 | HP: 4/170 [centaur warrior/arrow (7)]
 37895 | Vaults:1 | Annihilated by an orc warrior

Skill      XL: |  1  2  3  4  5  6  7  8  9 10 11 12 13 14 15 16 17 18 |
---------------+-------------------------------------------------------+-----
Long Blades    | 4 5 6 7 9 10 12 14 16 17 19 20 21 22 23 24 | 24.6
Fighting       | 4 5 6 7 9 10 11 12 13 14 15 17 | 17.5
Armour         | 3 4 6 7 8 10 12 15 17 18 19 | 19.4
Crossbows      | 2 5 6 7 8 |  8.0
Dodging        | 5 7 8 |  8.6
Short Blades   | |  0.1
Stealth        | |  0.1
Evocations     | |  0.2

Action                   |  1- 3 |  4- 6 |  7- 9 | 10-12 | 13-15 | 16-18 || total
-------------------------+-------+-------+-------+-------+-------+-------++-------
Melee: Falchion          |    70 |   111 |   337 |       |       |       ||   518
       Headbutt          |    14 |    26 |    85 |   105 |   220 |   232 ||   682
       Great sword       |       |       |    27 |   378 |   807 |   695 ||  1907
       Dagger            |       |       |       |     9 |    18 |       ||    27
 Fire: Arbalest          |       |       |       |    29 |    71 |   209 ||   309
Invok: Berserk           |       |     1 |       |     4 |     1 |       ||     6
       Trog's Hand       |       |       |       |       |     2 |       ||     2
       Brothers in Arms  |       |       |       |       |     1 |       ||     1
Evoke: Wand              |       |       |       |    10 |     5 |     2 ||    17
       Lamp of fire      |       |       |       |     1 |       |       ||     1
       Lightning rod     |       |       |       |       |     4 |       ||     4
  Use: Scroll            |       |       |     9 |    12 |    22 |     8 ||    51
       Potion            |       |       |       |     1 |       |     5 ||     6
 Stab: Sleeping          |     3 |       |       |       |       |       ||     3
       Held in net/web   |       |       |       |       |     1 |       ||     1
  Eat: Chunk             |     1 |     4 |    15 |    10 |    15 |    11 ||    56
       Ration            |       |     1 |       |     5 |     9 |     6 ||    21
Armor: Animal skin       |    10 |    22 |     1 |       |       |       ||    33
       Leather armour    |       |       |    30 |       |       |       ||    30
       Ring mail         |       |       |    54 |    52 |       |       ||   106
       Quicksilver drago |       |       |       |    39 |       |       ||    39
       Plate armour      |       |       |       |   109 |   628 |   754 ||  1491
Dodge: Dodged            |    36 |    69 |   187 |   211 |   411 |   534 ||  1448
       Rpst.: Falchion   |     8 |    18 |    53 |       |       |       ||    79
       Great sword       |       |       |     4 |    47 |    86 |    89 ||   226
